 Dungeon Crawl Stone Soup version 0.30.0-29-ga12c61a403 (webtiles) character file.

Game seed: 14704623842854619901

67 Josd the Insei (level 4, 0/28 HPs)
             Began as an Octopode Transmuter on June 20, 2023.
             Slain by an orc wizard
             ... wielding a +0 dagger
              (3 damage)
             ... on level 2 of the Dungeon.
             The game lasted 00:02:47 (2360 turns).

Josd the Insei (Octopode Transmuter)                Turns: 2360, Time: 00:02:47

Health: 0/28       AC:  1    Str: 11    XL:     4   Next: 18%
Magic:  7/7        EV: 13    Int: 15    God:
Gold:   128        SH:  0    Dex: 12    Spells: 6/7 levels left

rFire   + .          .
                       - Unarmed
rCold   . . .        (no shield)
rNeg    . . .        (helmet restricted)
rPois   .            l - amulet of the acrobat
rElec   .            h - ring of protection from fire
rCorr   .            k - ring of see invisible
SInv    +            (no ring)
Will    .....        (no ring)
Stlth   +++          (no ring)
HPRegen 0.24/turn    (no ring)
MPRegen 0.10/turn    (no ring)
                     (no ring)

%: acrobat
@: no status effects
A: almost no armour, amphibious, 8 rings, camouflage 1, gelatinous body 1,
(nimble swimmer 1), tentacles
a: no special abilities


You were on level 2 of the Dungeon.
You visited 1 branch of the dungeon, and saw 3 of its levels.

You collected 128 gold pieces.

Inventory:

Jewellery
 h - a ring of protection from fire (left tentacle)
 k - a ring of see invisible (right tentacle)
 l - an amulet of the acrobat (around mantle)
Scrolls
 b - 3 scrolls of teleportation {unknown}
 c - 2 scrolls of amnesia {unknown}
 d - 5 scrolls of identify {unknown}
 g - 2 scrolls of brand weapon {unknown}
 j - a scroll of fog {unknown}
 m - a scroll of immolation {unknown}
Potions
 a - a potion of lignification
 e - a potion of mutation {unknown}
 f - 5 potions of curing
 i - a potion of attraction {unknown}


   Skills:
 + Level 1.1 Fighting
 + Level 2.5 Dodging
 + Level 2.0 Stealth
 + Level 3.5 Unarmed Combat
 + Level 2.4 Spellcasting
 + Level 2.6 Transmutations


You had 6 spell levels left.
You knew the following spells:

 Your Spells              Type           Power      Damage    Failure   Level
a - Beastly Appendage     Tmut           18%        N/A       8%          1

Your spell library contained the following spells:

 Spells                   Type           Power      Damage    Failure   Level
 Wereblood                Tmut           9%         N/A       11%         2
 Sting                    Tmut/Pois      20%        1d4       12%         1
 Poisonous Vapours        Pois/Air       2%         N/A       32%         2
 Spider Form              Tmut/Pois      5%         N/A       36%         3
 Ice Form                 Ice/Tmut       5%         N/A       77%         4
 Olgreb's Toxic Radiance  Pois           1%         N/A       91%         4


Dungeon Overview and Level Annotations

Branches:
Dungeon (3/15)

Altars:

Shops:
D:1 ([


Innate Abilities, Weirdness & Mutations

You cannot wear most types of armour.
You are amphibious.
You can wear up to eight rings at the same time.
Your skin changes colour to match your surroundings (Stealth+).
Your rubbery body absorbs attacks. (AC +1, EV +1)
((You are camouflaged when in or above water. (Stealth+)))
You have tentacles for arms and can constrict up to eight enemies at once.


Message History

You start resting.
HP restored.
You climb downwards.
The orc hits you with a +0 hand axe! The orc wizard casts a spell at you.
The magic dart hits you! The orc wizard barely misses you.
The orc closely misses you.
There is a stone staircase leading up, spattered with blood here.
The orc hits you with a +0 hand axe. The orc wizard barely misses you.
The adder closely misses you.
You climb upwards.
There is a stone staircase leading down, spattered with blood here.
You barely miss the orc wizard. Your grab misses the orc wizard.
You squeeze the orc wizard.
The orc wizard is lightly wounded.
The orc misses you. The orc wizard barely misses you.
You tentacle-slap the orc wizard. Your grab misses the orc wizard.
The orc wizard is moderately wounded.
The orc hits you with a +0 hand axe.
* * * LOW HITPOINT WARNING * * *
The orc wizard barely misses you.
You completely miss the orc wizard. You grab the orc wizard.
The orc wizard is moderately wounded.
You constrict the orc wizard, but do no damage.
The orc completely misses you. The orc wizard casts a spell at you.
The puff of flame hits you. You resist.
* * * LOW HITPOINT WARNING * * *
You closely miss the orc. You grab the orc. You squeeze the orc.
You kill the orc!
You constrict the orc wizard. You barely miss the orc wizard.
The orc wizard is moderately wounded.
You constrict the orc wizard.
The orc wizard hits you with a +0 dagger.
* * * LOW HITPOINT WARNING * * *
You tentacle-slap the orc wizard.
The orc wizard is heavily wounded.
You constrict the orc wizard.
The orc wizard hits you with a +0 dagger.
You die...

.#.########...####.#..##....##.#.
##.#......#.....##....##....##.##
#.#......##..####..#.##.........
##.#......##.#####.##.###<..##.##
...#......##...##..#### ##.......
.###......####.##..#<# ##.##.##
.# #......# #.#...#.# #.##.## .#
#.†....####..)....# #.##.## .#
#...........o@....# #.##.## .#
#......######[....######.##.## .#
###.#### #.....#.........## .#
#.# #.....#.###..##### .# #.#
#######.....#.# #..# # .# #.#
#.............# #..##### .# #.#
#...........#.###....... .# #.#
#...........#..........# .# #.#
#...........#...........


You could see an orc wizard.

Vanquished Creatures
  2 adders
  2 worms
  2 dart slugs
  3 orcs
  4 endoplasms
  2 goblins
  A hobgoblin (D:1)
  4 quokkas
  3 ball pythons (D:2)
  3 bats (D:2)
  3 frilled lizards
  6 kobolds
  3 rats
38 creatures vanquished.

Notes
Turn   | Place    | Note
-------+----------+-------------------------------------------
     0 | D:1      | Josd the Octopode Transmuter began the quest for the Orb.
     0 | D:1      | Reached XP level 1. HP: 13/13 MP: 3/3
    49 | D:1      | Found Wanet's Antique Armour Emporium.
   306 | D:1      | Reached XP level 2. HP: 12/18 MP: 5/5
   782 | D:1      | Found Heamiupa's Antique Weapon Shoppe.
  1013 | D:2      | Reached skill level 1 in Stealth
  1238 | D:2      | Reached XP level 3. HP: 23/23 MP: 6/6
  2092 | D:3      | Reached XP level 4. HP: 15/28 MP: 5/7
  2360 | D:2      | Slain by an orc wizard

Illustrated notes

Levels and vault maps discovered:
D:1:      scummos_arrival_simple_crosswalls, layout_basic, serial_shops,
          nicolae_shop_stone, nicolae_shop_pleasant_corner_grove,
          amcnicky_mini_corridor_feature, chequers_serial_rivers_micro_c
D:2:      layout_basic, hex_intersection
D:3:      layout_loops_cross, serial_shops, shop, minmay_liquid_box

Skill      XL: |  1  2  3 |
---------------+----------+-----
Stealth        | 1 2 |  2.0
Fighting       | |  1.1
Dodging        | |  2.5
Unarmed Combat | |  3.5
Spellcasting   | |  2.4
Transmutations | |  2.6

Action                     |  1- 3 |  4- 6 || total
---------------------------+-------+-------++-------
  Melee: Unarmed           |    81 |    15 ||    96
         Tentacles         |    15 |     5 ||    20
         Constrict         |    15 |     3 ||    18
         Kick              |     6 |       ||     6
         Punch             |     3 |       ||     3
   Cast: Beastly Appendage |     6 |     1 ||     7
    Use: Potion            |     1 |       ||     1
   Stab: Sleeping          |     9 |     1 ||    10
 Armour: Skin              |     9 |       ||     9
  Dodge: Dodged            |    40 |    12 ||    52
